 Dungeon Sprint DCSS version 0.31-a0-344-gd109795599 (webtiles) character file.

Game seed: 8987038938705667459

138 Conn the Firebug (level 5, -2/34 HPs)
             Began as an Octopode Fire Elementalist on July 22, 2023.
             Slain by a fire elemental (12 damage)
             ... summoned by a deep elf pyromancer
             ... in the Dungeon (Sprint III: "The Ten Rune Challenge").
             The game lasted 00:03:50 (469 turns).

Conn the Firebug (Octopode Fire Elementalist)        Turns: 469, Time: 00:03:53

Health: -2/34      AC:  1    Str:  8    XL:     5   Next: 21%
Magic:  11/11      EV: 14    Int: 19    God:
Gold:   24         SH:  0    Dex: 12    Spells: 7/13 levels left

rFire   . . .        g - +0 long sword
rCold   . . .        (no shield)
rNeg    . . .        (helmet restricted)
rPois   .            (no amulet)
rElec   .            (no ring)
rCorr   .            (no ring)
SInv    .            (no ring)
Will    .....        (no ring)
Stlth   ++++         (no ring)
HPRegen 0.25/turn    (no ring)
MPRegen 0.12/turn    (no ring)
                     (no ring)

%: no teleportation
@: unable to drink
A: almost no armour, amphibious, 8 rings, camouflage 1, gelatinous body 1,
(nimble swimmer 1), tentacles, robust 1, wild magic 1, inability to drink after
injury 1, devolution 1
a: no special abilities


You were in the Dungeon.
You visited 1 branch You collected 24 gold pieces.

Inventory:

Hand Weapons
 g - a +0 long sword (weapon)
Scrolls
 i - 2 scrolls of identify {unknown}
 k - a scroll of torment {unknown}
Potions
 a - 2 potions of magic
 b - 2 potions of curing
 e - a potion of mutation
 j - a potion of lignification {unknown}
 l - a potion of enlightenment {unknown}


   Skills:
 + Level 1.0 Long Blades
 + Level 3.8 Dodging
 + Level 5.0 Stealth
 + Level 4.6 Spellcasting
 + Level 2.7 Conjurations
 + Level 7.5 Fire Magic


You had 7 spell levels left.
You knew the following spells:

 Your Spells              Type           Power      Damage    Failure   Level
a - Foxfire               Conj/Fire      100%       2x1d9     3%          1
b - Scorch                Fire           86%        2d9       1%          2
c - Inner Flame           Hex/Fire       24%        N/A       13%         3

Your spell library contained the following spells:

 Spells                   Type           Power      Damage    Failure   Level
 Volatile Blastmotes      Fire/Tloc      48%        2d14      13%         3
 Flame Wave               Conj/Fire      31%        2d9       22%         4


Dungeon Overview and Level Annotations

Branches:
Dungeon (1/1)

Altars:
Kikubaaqudgha
Sif Muna
Vehumet


Innate Abilities, Weirdness & Mutations

You cannot wear most types of armour.
You are amphibious.
You can wear up to eight rings at the same time.
Your skin changes colour to match your surroundings (Stealth+).
Your rubbery body absorbs attacks. (AC +1, EV +1)
((You are camouflaged when in or above water. (Stealth+)))
You have tentacles for arms and can constrict up to eight enemies at once.
You are robust. (+10% HP)
Your spells are a little harder to cast, but a little more powerful.
You occasionally lose the ability to drink potions when taking damage.
You have hidden genetic defects.


Message History

Unknown command.
Casting: Scorch (safe; 1% risk of failure)
Confirm with . or Enter, or press ? or * to list all spells.
Okay, then.
Unknown command.
Unknown command.
Casting: Scorch (safe; 1% risk of failure)
Confirm with . or Enter, or press ? or * to list all spells.
Okay, then.
You feel better.
The deep elf pyromancer is no longer more vulnerable to fire.
The fire elemental hits you. The fire elemental burns you!
You feel threatened and lose the ability to drink potions!
* * * LOW HITPOINT WARNING * * *
You hear a shout!
Unknown command.
Unknown command.
Casting: Scorch (safe; 1% risk of failure)
Confirm with . or Enter, or press ? or * to list all spells.
Okay, then.
Unknown command.
Okay, then.
Unknown command.
Unknown command.
Unknown command.
Unknown command.
Casting: Scorch (safe; 1% risk of failure)
Confirm with . or Enter, or press ? or * to list all spells.
Okay, then.
Unknown command.
Unknown command.
You cannot drink potions in your current state!
As you read the scroll labelled YGATRITTITT, it crumbles to dust.
The air around you briefly surges with heat, but it dissipates.
It was a scroll of immolation.
You can drink potions again.
The fire elemental completely misses you.
The fire elemental hits you. The fire elemental burns you!
You feel threatened and lose the ability to drink potions!
You die...

▓▓▓▓▓▓▓▓▓▓▓ ▓▓▓
▓<.#..'...♣♣♣♣ ♣.#
▓..#..#......♣ ♣.#
▓#'####......♣ ♣.# #
▓.†...#....~♣♣♣♣♣.###'#+###
▓..)..#...~~♣♣.♣♣.#........
▓....†#..~~~~@♣.♣.'e⌠......
▓####'#..~≈≈~~E♣..#...####
▓.....#.~~≈~~~)○..#.⌠.#
▓.....#.~≈~~~.....#.p.#
▓.....#.~~~.......#3###
▓'#####...........#.5$#
▓.................#_K_#
▓▓▓▓▓▓▓▓▓▓▓▓▓▓▓▓▓▓▓▓▓▓▓


You could see a fire elemental (summoned).

Vanquished Creatures
  A water elemental (D)
  Jessica (D)
  A wizard (D)
  A human (D)
  A phantom (D)
  An endoplasm (D)
  2 rats (D)
8 creatures vanquished.

Vanquished Creatures (others)
  49 foxfires (D)
49 creatures vanquished.

Grand Total: 57 creatures vanquished

Notes
Turn   | Place    | Note
-------+----------+-------------------------------------------
     0 | D        | Conn the Octopode Fire Elementalist began the quest for the
                  | Orb.
     0 | D        | Reached XP level 1. HP: 11/11 MP: 3/3
    43 | D        | Noticed Jessica
    56 | D        | Killed Jessica
    57 | D        | Reached skill level 5 in Fire Magic
    57 | D        | Reached XP level 2. HP: 17/17 MP: 0/6
    57 | D        | Reached XP level 3. HP: 21/21 MP: 0/7
   219 | D        | Gained mutation: You occasionally lose the ability to read
                  | scrolls when taking damage. [potion of mutation]
   220 | D        | Lost mutation: You occasionally lose the ability to read
                  | scrolls when taking damage. [potion of mutation]
   220 | D        | Gained mutation: You are robust. (+10% HP) [potion of
                  | mutation]
   220 | D        | Gained mutation: Your spells are a little harder to cast,
                  | but a little more powerful. [potion of mutation]
   232 | D        | Learned a level 2 spell: Scorch
   236 | D        | Learned a level 3 spell: Inner Flame
   236 | D        | Noticed a water elemental
   239 | D        | Killed a water elemental
   240 | D        | Reached skill level 1 in Long Blades
   240 | D        | Reached skill level 7 in Fire Magic
   240 | D        | Reached XP level 4. HP: 29/29 MP: 2/10
   311 | D        | Found a radiant altar of Vehumet.
   311 | D        | Found a shimmering blue altar of Sif Muna.
   311 | D        | Found an ancient bone altar of Kikubaaqudgha.
   311 | D        | Noticed a wizard
   316 | D        | Noticed a neqoxec
   317 | D        | HP: 1/29 [neqoxec[a kobold demonologist] (6)]
   331 | D        | Gained mutation: You have hidden genetic defects. [a
                  | neqoxec]
   384 | D        | Killed a wizard
   385 | D        | Reached skill level 5 in Stealth
   385 | D        | Reached XP level 5. HP: 34/34 MP: 2/11
   391 | D        | Gained mutation: You occasionally lose the ability to drink
                  | potions when taking damage. [hidden defects]
   458 | D        | Noticed a human
   458 | D        | Noticed a deep elf pyromancer
   463 | D        | Noticed a fire elemental
   469 | D        | Slain by a fire elemental

Illustrated notes

Levels and vault maps discovered:
D:        dungeon_sprint_mu [sprint_mu_entry_forest, sprint_mu_temple_rooms,
          sprint_mu_d1_horrors, sprint_mu_d2_genie, sprint_mu_d3_branching,
          sprint_mu_orc_legion, sprint_mu_elf_gauntlet, sprint_mu_hive_nellie,
          sprint_mu_lair_fedhas, sprint_mu_vaults_butterflies,
          sprint_mu_slime_circle, sprint_mu_swamp_cave, sprint_mu_shoals_archi,
          sprint_mu_blade_basic, sprint_mu_crypt_chambers,
          sprint_mu_tomb_spiral, sprint_mu_vestibule_basic,
          sprint_mu_gehenna_hellfire, sprint_mu_dis_giant,
          sprint_mu_tartarus_statrot, sprint_mu_cocytus_islands, sprint_mu_zot1]

Skill      XL: |  1  2  3  4 |
---------------+-------------+-----
Stealth        | 3 4 5 |  5.0
Spellcasting   | 3 4 |  4.6
Fire Magic     | 5 7 |  7.5
Dodging        | 3 |  3.8
Long Blades    | 1 |  1.0
Conjurations   | 2 |  2.7

Action                     |  1- 3 |  4- 6 || total
---------------------------+-------+-------++-------
  Melee: Long sword        |     7 |     3 ||    10
         Unarmed           |     1 |       ||     1
         Constrict         |     1 |     1 ||     2
   Cast: Foxfire           |    13 |    13 ||    26
         Scorch            |     3 |     5 ||     8
    Use: Potion            |     3 |     4 ||     7
         Scroll            |       |     2 ||     2
   Stab: Sleeping          |       |     1 ||     1
 Armour: Skin              |       |     2 ||     2
  Dodge: Dodged            |     4 |     7 ||    11

Table legend: (Time is in decaauts)
 A = Elapsed time spent in this place.
 B = Non-inter-level travel time spent in this place.
 C = Inter-level travel time spent in this place.
 D = Time resting spent in this place.
 E = Time spent auto-exploring this place.
 F = Levels seen in this place.
 G = Mean time per level.
                   A        B        C        D        E       F      G
               +--------+--------+--------+--------+--------+-----+--------+
         Total |    471 |    471 |      0 |    309 |      0 |   1 |  471.0 |
       Dungeon |    471 |    471 |      0 |    309 |      0 |   1 |  471.0 |
               +--------+--------+--------+--------+--------+-----+--------+

Top non-repeatable levels by time:
       D: 471 daAuts
